[Event "RUS-ch Rapid Men 2018"]
[Site "Sochi"]
[Date "2018.10.05"]
[Round "4"]
[White "Tsoi, Dmitry"]
[Black "Shcherbakov, Ruslan"]
[Result "1/2-1/2"]
[ECO "A10"]
[WhiteElo "2429"]
[BlackElo "2516"]
[Annotator "RC"]
[PlyCount "156"]
[EventDate "2018.10.05"]
[EventType "swiss"]
[EventCountry "RUS"]
[SourceTitle "playchess.com"]
[Source "ChessBase"]
[SourceQuality "1"]
[TimeControl "900+10"]

1. c4 b6 2. g3 Bb7 3. Nf3 g6 4. Bg2 Bg7 5. Nc3 Nf6 6. O-O O-O 7. d4 Ne4 8. Nxe4 Bxe4 9. Bg5 h6 10. Be3 d5 11. Qd2 Kh7 12. Rac1 Nc6 13. c5 b5 14. Ne5 Bxg2 15. Nxc6 Qe8 16. Kxg2 Qxc6 17. f4 f5 18. h4 Rf6 19. h5 Re6 20. hxg6+ Kxg6 21. Rh1 h5 22. Qd3 Rh8 23. Bf2 Rf6 24. e3 a6 25. Rh4 Qe6 26. c6 Qe4+ 27. Qxe4 dxe4 28. Be1 Rd8 29. Bb4 Rf7 30. Rh2 e6 31. Kh3 Rd5 32. Rhc2 Bf6 33. Rc5 Rd8 34. a3 Rh7 35. Rg1 Kf7 36. Rc2 Rg8 37. Rcg2 Rg4 38. Be1 Be7 39. Kh2 h4 40. gxh4 Bxh4 41. Rxg4 Bxe1+ 42. Kg2 fxg4 43. Rxe1 Rh3 44. Rh1 Rxe3 45. Rh7+ Kf6 46. Rxc7 Rb3 47. Rh7 Rxb2+ 48. Kg3 Rc2 49. c7 e3 50. Rh6+ Ke7 51. Kxg4 e2 52. Rh1 Rxc7 53. Re1 Rc2 54. f5 Kf6 55. fxe6 Kxe6 56. Kf3 Rc3+ 57. Ke4 Rxa3 58. Rxe2 Ra1 59. Rh2 Re1+ 60. Kd3 Kd5 61. Rh5+ Kd6 62. Rh6+ Re6 63. Rh1 Rg6 64. Ke4 a5 65. Ra1 a4 66. Rb1 Kc6 67. Rc1+ Kb6 68. d5 a3 69. Kd3 Rg3+ 70. Kc2 Kc5 71. Rd1 Kd6 72. Rd4 Kc5 73. Rd1 Kd6 74. Rd4 Rh3 75. Kb1 Rh2 76. Ka1 Rb2 77. Rd3 b4 78. Rxa3 bxa3 1/2-1/2

[Event "RUS-ch Rapid Men 2018"]
[Site "Sochi"]
[Date "2018.10.05"]
[Round "4"]
[White "Vastrukhin, Oleg"]
[Black "Jary, Sergey"]
[Result "0-1"]
[ECO "A06"]
[WhiteElo "2413"]
[BlackElo "2286"]
[Annotator "RC"]
[PlyCount "72"]
[EventDate "2018.10.05"]
[EventType "swiss"]
[EventCountry "RUS"]
[SourceTitle "playchess.com"]
[Source "ChessBase"]
[SourceQuality "1"]
[TimeControl "900+10"]

1. g3 d5 2. Nf3 g6 3. Bg2 Bg7 4. d4 Nf6 5. O-O O-O 6. Nbd2 Ne4 7. e3 f5 8. c4 c6 9. Qb3 Qb6 10. Ne1 Qxb3 11. axb3 e5 12. dxe5 Bxe5 13. Nd3 Bg7 14. cxd5 cxd5 15. Nf4 Rd8 16. Rd1 Nc6 17. Nxe4 dxe4 18. Rxd8+ Nxd8 19. Bf1 Nc6 20. Bc4+ Kf8 21. h4 Be5 22. Kf1 Bd7 23. Ra2 Nb4 24. Ra5 Nc6 25. Rb5 b6 26. Rd5 Ke7 27. Bb5 Bxf4 28. gxf4 Rc8 29. Bd2 a5 30. Kg2 Be6 31. Bxc6 Bxd5 32. Bxd5 Rd8 33. Bxa5 bxa5 34. Bc4 Rd2 35. Bg8 h6 36. b4 a4 0-1

[Event "RUS-ch Rapid Men 2018"]
[Site "Sochi"]
[Date "2018.10.05"]
[Round "4"]
[White "Dzhumagaliev, Yan"]
[Black "Kretov, Evgenij"]
[Result "1-0"]
[ECO "A46"]
[WhiteElo "2410"]
[BlackElo "2219"]
[Annotator "NA RC"]
[PlyCount "153"]
[EventDate "2018.10.05"]
[EventType "swiss"]
[EventCountry "RUS"]
[SourceTitle "playchess.com"]
[Source "ChessBase"]
[SourceQuality "1"]
[TimeControl "900+10"]

1. d4 Nf6 2. Nf3 e6 3. c4 d5 4. g3 Bb4+ 5. Bd2 Be7 6. Bg2 O-O 7. O-O c6 8. Qc2 Nbd7 9. b3 b6 10. a4 a5 11. Rd1 Ba6 12. Bf4 Rc8 13. Nc3 Nh5 14. Bc1 f5 15. e3 Nhf6 16. Ng5 Qe8 17. Nxe6 Rf7 18. Ng5 Rf8 19. Qxf5 Bb4 20. Bb2 h6 21. Qe6+ Qxe6 22. Nxe6 Rfe8 23. Nf4 dxc4 24. bxc4 Bxc4 25. d5 Bxc3 26. Bxc3 cxd5 27. Bxf6 Nxf6 28. Rab1 Ne4 29. Rxb6 Nc3 30. Ra1 Rb8 31. Rd6 Red8 32. Rxd8+ Rxd8 33. Rc1 d4 34. exd4 Rxd4 35. Bf3 Ne4 36. Re1 Nd2 37. Re8+ Kf7 38. Bh5+ Kf6 39. h4 g5 40. hxg5+ hxg5 41. Ng2 Be6 42. Bd1 Ne4 43. Ne3 Nc3 44. Bc2 Nxa4 45. Ra8 Nb6 46. Rxa5 Nc4 47. Nxc4 Rxc4 48. Bd3 Rd4 49. Be2 Rd2 50. Bf3 Rb2 51. Kg2 Rd2 52. Ra6 Ke5 53. Ra5+ Kf6 54. Be4 Rb2 55. Ra3 Rd2 56. Kf3 Rb2 57. Ra6 Ke5 58. Ra5+ Kf6 59. Bd3 Rd2 60. Ke3 Rb2 61. f4 gxf4+ 62. gxf4 Rb4 63. Ra6 Ke7 64. Rc6 Bd7 65. Rh6 Be6 66. f5 Bc4 67. Be4 Kf7 68. Rd6 Ke7 69. Rd4 Rb3+ 70. Kf4 Bf7 71. Ra4 Rc3 72. Ra7+ Kf6 73. Ra6+ Kg7 74. f6+ Kh6 75. Ra7 Bg6 76. f7 Rc8 77. Ra6 1-0

[Event "RUS-ch Rapid Men 2018"]
[Site "Sochi"]
[Date "2018.10.05"]
[Round "4"]
[White "Yashmetov, Mikhail"]
[Black "Sychev, Klementy"]
[Result "0-1"]
[ECO "A05"]
[WhiteElo "2394"]
[BlackElo "2534"]
[Annotator "ChessBase"]
[PlyCount "76"]
[EventDate "2018.10.05"]
[EventType "swiss"]
[EventCountry "RUS"]
[SourceTitle "playchess.com"]
[Source "ChessBase"]
[SourceQuality "1"]
[TimeControl "900+10"]

1. Nf3 Nf6 2. g3 d5 3. Bg2 g6 4. O-O Bg7 5. d4 c6 6. c4 dxc4 7. Ne5 Ng4 8. Nxc4 Qxd4 9. Qc2 O-O 10. h3 Ne5 11. Nxe5 Qxe5 12. Nc3 Na6 13. Bf4 Qc5 14. Qb3 Qb4 15. Qxb4 Nxb4 16. a3 Nc2 17. Rac1 Nd4 18. g4 Be6 19. e3 Nb3 20. Rcd1 Nc5 21. Ne4 Nxe4 22. Bxe4 Rfd8 23. b4 Bb3 24. Rb1 Ba4 25. Rfc1 a6 26. Rc5 Rac8 27. h4 Rd1+ 28. Rxd1 Bxd1 29. g5 Bb2 30. Rc4 Rd8 31. Bc7 Rd7 32. Bb6 Bxa3 33. Bc5 Bb2 34. Bg2 Bb3 35. Re4 Bd5 36. Rxe7 Rxe7 37. Bxe7 Bxg2 38. Kxg2 Ba3 0-1

[Event "RUS-ch Rapid Men 2018"]
[Site "Sochi"]
[Date "2018.10.05"]
[Round "4"]
[White "Orlinkov, Maxim L."]
[Black "Lugovskoy, Maxim"]
[Result "1/2-1/2"]
[ECO "D02"]
[WhiteElo "2293"]
[BlackElo "2428"]
[Annotator "NA"]
[PlyCount "123"]
[EventDate "2018.10.05"]
[EventType "swiss"]
[EventCountry "RUS"]
[SourceTitle "playchess.com"]
[Source "ChessBase"]
[SourceQuality "1"]
[TimeControl "900+10"]

1. d4 d5 2. Nf3 e6 3. c4 a6 4. e3 Nf6 5. Nc3 dxc4 6. Bxc4 b5 7. Bb3 Bb7 8. O-O Nbd7 9. Qe2 Bd6 10. Rd1 Qe7 11. e4 e5 12. dxe5 Nxe5 13. Nd5 Nxd5 14. Bxd5 Bxd5 15. Rxd5 Nxf3+ 16. Qxf3 O-O 17. Bf4 Bxf4 18. Qxf4 c5 19. Rad1 h6 20. Qe5 Qxe5 21. Rxe5 Rac8 22. Kf1 c4 23. Rc1 Rfd8 24. Ke2 Rd6 25. Rc2 Rcd8 26. a4 b4 27. Rd5 Rxd5 28. exd5 Rxd5 29. Rxc4 a5 30. Rc8+ Kh7 31. Rb8 Rd7 32. Rb5 Ra7 33. f4 Kg6 34. g4 Kf6 35. h4 Ke6 36. Ke3 Kd6 37. h5 Kc6 38. g5 Re7+ 39. Kf3 Rd7 40. gxh6 gxh6 41. Rxa5 Rd2 42. Ra6+ Kc5 43. Ke4 Rxb2 44. Rxh6 Rd2 45. a5 b3 46. Rb6 Rd4+ 47. Ke3 Rd5 48. h6 Rh5 49. Rxb3 Rh3+ 50. Ke4 Rxb3 51. Kf5 Rg3 52. a6 Kb6 53. a7 Kxa7 54. Kf6 Rg6+ 55. Kxf7 Rxh6 56. f5 Kb6 57. f6 Kc7 58. Ke7 Rh1 59. f7 Re1+ 60. Kf6 Rf1+ 61. Ke7 Rxf7+ 62. Kxf7 1/2-1/2

[Event "RUS-ch Rapid Men 2018"]
[Site "Sochi"]
[Date "2018.10.05"]
[Round "4"]
[White "Mikhailovsky, Vladimir"]
[Black "Potapov, Pavel"]
[Result "0-1"]
[ECO "A81"]
[WhiteElo "2185"]
[BlackElo "2515"]
[Annotator "ChessBase"]
[PlyCount "82"]
[EventDate "2018.10.05"]
[EventType "swiss"]
[EventCountry "RUS"]
[SourceTitle "playchess.com"]
[Source "ChessBase"]
[SourceQuality "1"]
[TimeControl "900+10"]

1. d4 f5 2. g3 Nf6 3. Bg2 g6 4. c4 Bg7 5. Nc3 O-O 6. e4 fxe4 7. Nxe4 d6 8. Nxf6+ Bxf6 9. Ne2 Nc6 10. Bh6 Bg7 11. Bxg7 Kxg7 12. O-O Bg4 13. d5 Ne5 14. f4 Nd7 15. Qd4+ Nf6 16. Rae1 Qd7 17. Qc3 c5 18. dxc6 bxc6 19. Nd4 Rac8 20. c5 d5 21. Re5 Rf7 22. Rfe1 Kg8 23. Qe3 Rc7 24. b4 Bf5 25. Nxf5 gxf5 26. Qd4 Rb7 27. Bh3 Ne4 28. g4 Rg7 29. g5 e6 30. a3 h6 31. Kh1 hxg5 32. fxg5 Qf7 33. Bg2 Nxg5 34. a4 a6 35. Qh4 Qg6 36. Qf4 Ne4 37. Bxe4 fxe4 38. Qf2 Rbf7 39. Qe2 Rf3 40. Rf1 Qf6 41. Rxf3 exf3 0-1

[Event "RUS-ch Rapid Men 2018"]
[Site "Sochi"]
[Date "2018.10.05"]
[Round "5"]
[White "Timofeev, Artyom"]
[Black "Savitskiy, Sergey"]
[Result "1-0"]
[ECO "A25"]
[WhiteElo "2580"]
[BlackElo "2413"]
[Annotator "ChessBase"]
[PlyCount "77"]
[EventDate "2018.10.05"]
[EventType "swiss"]
[EventCountry "RUS"]
[SourceTitle "playchess.com"]
[Source "ChessBase"]
[SourceQuality "1"]
[TimeControl "900+10"]

1. c4 e5 2. Nc3 Nc6 3. g3 f5 4. Bg2 Nf6 5. e3 g6 6. Nge2 Bg7 7. d3 O-O 8. O-O d6 9. b3 Be6 10. Nd5 Rb8 11. Bb2 Bf7 12. Qd2 Nxd5 13. cxd5 Ne7 14. e4 c6 15. dxc6 bxc6 16. exf5 Nxf5 17. d4 exd4 18. Nxd4 Nxd4 19. Bxd4 Bxd4 20. Qxd4 c5 21. Qc3 a5 22. Rad1 a4 23. bxa4 Rb4 24. Bc6 Bxa2 25. a5 Qxa5 26. Rxd6 Bf7 27. Rd7 Qb6 28. Bd5 Rd4 29. Bxf7+ Rxf7 30. Rxf7 Kxf7 31. Re1 Qc6 32. h4 Qd5 33. Kh2 c4 34. Qe3 Qd7 35. Ra1 Rd3 36. Qh6 Rd2 37. Qxh7+ Kf6 38. Qh8+ Kf7 39. Ra7 1-0

[Event "RUS-ch Rapid Men 2018"]
[Site "Sochi"]
[Date "2018.10.05"]
[Round "5"]
[White "Iljiushenok, Ilia"]
[Black "Kezin, Roman"]
[Result "1-0"]
[ECO "B24"]
[WhiteElo "2539"]
[BlackElo "2471"]
[Annotator "ChessBase"]
[PlyCount "75"]
[EventDate "2018.10.05"]
[EventType "swiss"]
[EventCountry "RUS"]
[SourceTitle "playchess.com"]
[Source "ChessBase"]
[SourceQuality "1"]
[TimeControl "900+10"]

1. e4 c5 2. Nc3 Nc6 3. Bb5 Nd4 4. Bc4 e6 5. Nge2 Nf6 6. O-O a6 7. a4 Qc7 8. d3 Be7 9. Nxd4 cxd4 10. Ne2 Nxe4 11. Nxd4 Nf6 12. Bb3 O-O 13. Re1 d5 14. Nf3 h6 15. d4 Bd7 16. a5 Bb5 17. c3 b6 18. axb6 Qxb6 19. Bc2 Nd7 20. Bf4 Rfc8 21. Re3 Qd8 22. Qd2 a5 23. b3 Ra7 24. h3 a4 25. bxa4 Rca8 26. Qd1 Nf8 27. Ne5 Bg5 28. Bxg5 Qxg5 29. Rg3 Qh4 30. Ra2 Be8 31. Nd3 Nd7 32. Rb2 Kf8 33. Qb1 Qe7 34. Rb4 Kg8 35. Re3 Rc7 36. Qb2 Rac8 37. Nc1 Nb8 38. Rxb8 1-0

[Event "RUS-ch Rapid Men 2018"]
[Site "Sochi"]
[Date "2018.10.05"]
[Round "5"]
[White "Gabrielian, Artur"]
[Black "Chizhikov, Vladislav"]
[Result "1-0"]
[ECO "C10"]
[WhiteElo "2499"]
[BlackElo "2304"]
[Annotator "ChessBase"]
[PlyCount "71"]
[EventDate "2018.10.05"]
[EventType "swiss"]
[EventCountry "RUS"]
[SourceTitle "playchess.com"]
[Source "ChessBase"]
[SourceQuality "1"]
[TimeControl "900+10"]

1. e4 e6 2. d4 d5 3. Nd2 dxe4 4. Nxe4 Nd7 5. Nf3 Ngf6 6. Nxf6+ Nxf6 7. Be3 Nd5 8. Bd2 c5 9. c4 Nf6 10. dxc5 Bxc5 11. b4 Bd4 12. Nxd4 Qxd4 13. Rc1 O-O 14. Be3 Qb2 15. Qb3 Qxb3 16. axb3 b6 17. Be2 Bb7 18. f3 Rfc8 19. Kf2 Kf8 20. Rhd1 Ke7 21. b5 a6 22. Bxb6 axb5 23. cxb5 Nd5 24. Bc5+ Kd7 25. Rd2 g5 26. b4 Ra3 27. b6 Raa8 28. Rcc2 h6 29. Ra2 Kc6 30. Ra7 f5 31. Rc2 Rcb8 32. g3 e5 33. Bd3 Nf6 34. Rxa8 Rxa8 35. Be7+ Kd5 36. Bc4+ 1-0

[Event "RUS-ch Rapid Men 2018"]
[Site "Sochi"]
[Date "2018.10.05"]
[Round "5"]
[White "Kurbedinov, Ramis"]
[Black "Kryakvin, Dmitry"]
[Result "1/2-1/2"]
[ECO "A06"]
[WhiteElo "2305"]
[BlackElo "2595"]
[Annotator "ChessBase"]
[PlyCount "86"]
[EventDate "2018.10.05"]
[EventType "swiss"]
[EventCountry "RUS"]
[SourceTitle "playchess.com"]
[Source "ChessBase"]
[SourceQuality "1"]
[TimeControl "900+10"]

1. Nf3 d5 2. e3 c6 3. c4 Nf6 4. Nc3 e6 5. b3 Nbd7 6. Bb2 Bd6 7. d4 O-O 8. Bd3 dxc4 9. bxc4 e5 10. O-O Re8 11. Qc2 exd4 12. exd4 Nf8 13. Rfe1 Rxe1+ 14. Rxe1 Ng6 15. Ne4 Bg4 16. Ne5 Bxe5 17. dxe5 Nxe4 18. Bxe4 Qg5 19. Bxg6 Qxg6 20. Qxg6 hxg6 21. Ba3 Be6 22. Rc1 b6 23. Bd6 c5 24. a4 g5 25. h3 Rc8 26. a5 f6 27. axb6 axb6 28. f4 gxf4 29. exf6 g5 30. h4 gxh4 31. Bxf4 Kf7 32. Be5 Rg8 33. Bc7 Rg4 34. Bxb6 Bxc4 35. Bxc5 Bd5 36. Rc2 h3 37. g3 Kxf6 38. Kh2 Be6 39. Rf2+ Kg6 40. Rf4 Rg5 41. Bd4 Bf5 42. g4 Bxg4 43. Bf6 Rh5 1/2-1/2

[Event "RUS-ch Rapid Men 2018"]
[Site "Sochi"]
[Date "2018.10.06"]
[Round "6"]
[White "Alekseev, Evgeny"]
[Black "Moiseenko, Vadim"]
[Result "1-0"]
[ECO "C55"]
[WhiteElo "2620"]
[BlackElo "2492"]
[Annotator "RC"]
[PlyCount "107"]
[EventDate "2018.10.05"]
[EventType "swiss"]
[EventCountry "RUS"]
[SourceTitle "playchess.com"]
[Source "ChessBase"]
[SourceQuality "1"]
[TimeControl "900+10"]

1. e4 e5 2. Nf3 Nc6 3. Bc4 Nf6 4. d3 h6 5. O-O d6 6. c3 g5 7. a4 Bd7 8. b4 a6 9. Na3 g4 10. Ne1 h5 11. f4 Bh6 12. Nec2 Qe7 13. Bb3 g3 14. h3 Ng4 15. fxe5 Ncxe5 16. Bxh6 Rxh6 17. Qd2 Rf6 18. Rxf6 Qxf6 19. d4 Nf3+ 20. gxf3 Nf2 21. Rf1 Nxh3+ 22. Kg2 Nf4+ 23. Kxg3 O-O-O 24. Kf2 Rg8 25. Ne1 h4 26. Nc4 h3 27. Rg1 Rh8 28. Rh1 Qg5 29. Ne3 h2 30. N3g2 Nh3+ 31. Ke2 Qg3 32. Qe3 f5 33. f4 Ng1+ 34. Kd2 Qg4 35. e5 Rh3 36. Qf2 dxe5 37. fxe5 Qe4 38. Bc2 Qd5 39. Nd3 Qa2 40. Ndf4 Bxa4 41. Ne1 Nf3+ 42. Ke3 Nxe1+ 43. Nxh3 Nxc2+ 44. Kf4 Qd5 45. Rxh2 Qe4+ 46. Kg5 Qg4+ 47. Kf6 Kb8 48. Ng5 f4 49. Qh4 Qd7 50. Qh8+ Ka7 51. e6 Qc6 52. Rxc2 Bxc2 53. Qh2 f3 54. Qxc2 1-0

[Event "RUS-ch Rapid Men 2018"]
[Site "Sochi"]
[Date "2018.10.06"]
[Round "6"]
[White "Kryakvin, Dmitry"]
[Black "Smirnov, Timofey"]
[Result "1/2-1/2"]
[ECO "D10"]
[WhiteElo "2595"]
[BlackElo "2332"]
[Annotator "RC"]
[PlyCount "140"]
[EventDate "2018.10.05"]
[EventType "swiss"]
[EventCountry "RUS"]
[SourceTitle "playchess.com"]
[Source "ChessBase"]
[SourceQuality "1"]
[TimeControl "900+10"]

1. d4 d5 2. c4 c6 3. cxd5 cxd5 4. Bg5 Qb6 5. Qd2 Nc6 6. Nc3 e6 7. e3 Bd6 8. Bd3 Nge7 9. Nge2 Bd7 10. Rc1 O-O 11. Bf4 Bxf4 12. Nxf4 Rfc8 13. O-O Na5 14. b3 Rc7 15. Bb1 Rac8 16. Nd3 Qd6 17. Nc5 Be8 18. Bd3 e5 19. Rfe1 e4 20. Bf1 b6 21. Na6 Rb7 22. Nb5 Qd8 23. Rxc8 Nxc8 24. Rc1 Nc6 25. g3 g6 26. Nb4 N8e7 27. Nxc6 Bxc6 28. Qb4 Qd7 29. a4 a5 30. Qc3 Rb8 31. b4 Rc8 32. Qd2 axb4 33. Qxb4 Bxb5 34. Rxc8+ Nxc8 35. Bxb5 Qc7 36. Qb3 Ne7 37. Kg2 Kg7 38. Be2 Qc6 39. Qb4 Kf6 40. g4 h6 41. h4 Ke6 42. a5 bxa5 43. Qxa5 f5 44. h5 fxg4 45. Bxg4+ Kf7 46. Qd8 Qf6 47. Qd7 gxh5 48. Bxh5+ Kg7 49. Kf1 Qa6+ 50. Be2 Qf6 51. Ke1 Kf8 52. Bb5 Kf7 53. Be2 Qc6 54. Qh3 Qf6 55. Bh5+ Kg7 56. Qd7 Kf8 57. Bd1 Qc6 58. Qd8+ Qe8 59. Qc7 Qc6 60. Qb8+ Kg7 61. Qe5+ Qf6 62. Qc7 Kf8 63. Bh5 Qg5 64. Qd8+ Kg7 65. Be2 Kf7 66. Kd2 Qf5 67. Qh8 Qf6 68. Bh5+ Ke6 69. Bg4+ Kf7 70. Bh5+ Ke6 1/2-1/2

[Event "RUS-ch Rapid Men 2018"]
[Site "Sochi"]
[Date "2018.10.06"]
[Round "6"]
[White "Pridorozhni, Aleksei"]
[Black "Ozgibcev, Anatoly"]
[Result "1-0"]
[ECO "B01"]
[WhiteElo "2574"]
[BlackElo "2368"]
[Annotator "ChessBase"]
[PlyCount "97"]
[EventDate "2018.10.05"]
[EventType "swiss"]
[EventCountry "RUS"]
[SourceTitle "playchess.com"]
[Source "ChessBase"]
[SourceQuality "1"]
[TimeControl "900+10"]

1. e4 d5 2. exd5 Nf6 3. d4 Bg4 4. Nf3 Qxd5 5. Be2 e6 6. h3 Bh5 7. Nc3 Qd6 8. O-O Nc6 9. Nb5 Qd7 10. Ne5 Nxe5 11. dxe5 Bxe2 12. Qxe2 Nd5 13. c4 Nb6 14. Rd1 Qc6 15. b3 Nd7 16. Bg5 h6 17. Bh4 g5 18. Bg3 Bg7 19. b4 a5 20. Nd4 Qa6 21. b5 Qb6 22. Kh1 Qc5 23. Nb3 Qe7 24. a4 O-O 25. f4 Rfd8 26. Qe4 Nc5 27. Nxc5 Qxc5 28. fxg5 hxg5 29. Qg4 Qe3 30. Re1 Qd2 31. Rad1 Qc2 32. Rxd8+ Rxd8 33. Qxg5 Rd3 34. Qg4 Qxa4 35. Bh4 Qb4 36. Rf1 a4 37. Bf6 Qf8 38. Qe4 Rg3 39. Kh2 Rg6 40. Qxb7 Bxf6 41. exf6 Qd6+ 42. Kh1 a3 43. Qa8+ Kh7 44. Qe8 Qd2 45. Qxf7+ Kh6 46. Qf8+ Kh7 47. Qf7+ Kh6 48. Qxg6+ Kxg6 49. f7 1-0

[Event "RUS-ch Rapid Men 2018"]
[Site "Sochi"]
[Date "2018.10.06"]
[Round "6"]
[White "Rozum, Ivan"]
[Black "Smagin, Sergey"]
[Result "1/2-1/2"]
[ECO "D30"]
[WhiteElo "2573"]
[BlackElo "2551"]
[Annotator "ChessBase"]
[PlyCount "78"]
[EventDate "2018.10.05"]
[EventType "swiss"]
[EventCountry "RUS"]
[SourceTitle "playchess.com"]
[Source "ChessBase"]
[SourceQuality "1"]
[TimeControl "900+10"]

1. d4 d5 2. c4 e6 3. Nf3 Nd7 4. Nbd2 Ngf6 5. g3 b6 6. Bg2 Bb7 7. O-O Be7 8. cxd5 exd5 9. b3 O-O 10. Bb2 Re8 11. Rc1 Bd6 12. e3 a5 13. a4 Bb4 14. Ne5 Nxe5 15. dxe5 Nd7 16. Nf3 Ba6 17. Qxd5 Nc5 18. Nd4 Bxf1 19. Qxa8 Bxg2 20. Qxg2 Nd3 21. Nc6 Qc8 22. Rb1 Qf5 23. Nd4 Qxe5 24. Ba1 c5 25. Nb5 Qe6 26. Nc7 Qf5 27. Nxe8 Nf4 28. exf4 Qxb1+ 29. Qf1 Qxb3 30. Nxg7 c4 31. Nf5 Qxa4 32. Be5 Qc2 33. Qh3 Qb1+ 34. Kg2 Qe4+ 35. Kg1 Qb1+ 36. Kg2 Qe4+ 37. Kg1 Qb1+ 38. Kg2 Qe4+ 39. Kg1 Qb1+ 1/2-1/2

[Event "RUS-ch Rapid Men 2018"]
[Site "Sochi"]
[Date "2018.10.06"]
[Round "6"]
[White "Bocharov, Ivan"]
[Black "Antipov, Mikhail Al."]
[Result "0-1"]
[ECO "C03"]
[WhiteElo "2563"]
[BlackElo "2593"]
[Annotator "ChessBase"]
[PlyCount "60"]
[EventDate "2018.10.05"]
[EventType "swiss"]
[EventCountry "RUS"]
[SourceTitle "playchess.com"]
[Source "ChessBase"]
[SourceQuality "1"]
[TimeControl "900+10"]

1. e4 e6 2. d4 d5 3. Nd2 Be7 4. c3 c5 5. dxc5 Nf6 6. exd5 Qxd5 7. Ngf3 Qxc5 8. Bd3 O-O 9. O-O Qc7 10. Ne4 Nxe4 11. Bxe4 Nd7 12. Bg5 Nf6 13. Qe2 Nxe4 14. Qxe4 f6 15. Be3 e5 16. Rfd1 a5 17. Qd5+ Kh8 18. Nd2 Ra6 19. Ne4 Rc6 20. Qb5 f5 21. Nd2 f4 22. Ba7 Ra6 23. Nc4 Rxa7 24. Nxe5 Ra6 25. Nd7 Rg8 26. Rd5 Rd6 27. Ne5 Rf8 28. Re1 Be6 29. Rc5 Rd1 30. Rxd1 Bxc5 0-1

[Event "RUS-ch Rapid Men 2018"]
[Site "Sochi"]
[Date "2018.10.06"]
[Round "6"]
[White "Yuffa, Daniil"]
[Black "Hasangatin, Ramil"]
[Result "1/2-1/2"]
[ECO "E62"]
[WhiteElo "2563"]
[BlackElo "2485"]
[Annotator "ChessBase"]
[PlyCount "90"]
[EventDate "2018.10.05"]
[EventType "swiss"]
[EventCountry "RUS"]
[SourceTitle "playchess.com"]
[Source "ChessBase"]
[SourceQuality "1"]
[TimeControl "900+10"]

1. d4 d6 2. Nf3 Nf6 3. c4 g6 4. g3 Bg7 5. Bg2 c6 6. O-O O-O 7. Nc3 Bf5 8. Ne1 e5 9. d5 cxd5 10. cxd5 a5 11. Nc2 Na6 12. Na3 Nc5 13. Bg5 Qb6 14. Nc4 Qa6 15. Nd2 b5 16. e4 Bd7 17. a3 Rfc8 18. Qf3 Bg4 19. Qe3 Na4 20. Nxa4 bxa4 21. Rfc1 Bd7 22. Bf1 Bb5 23. Rc3 Bxf1 24. Rxf1 Rxc3 25. bxc3 Nd7 26. Rb1 Rc8 27. c4 f6 28. Bh6 Rc7 29. Bxg7 Kxg7 30. Rb5 Rxc4 31. Nxc4 Qxb5 32. Nxd6 Qb6 33. Qxb6 Nxb6 34. Kf1 Kf8 35. Ke2 Ke7 36. Nb5 f5 37. Kd3 Kf6 38. Nd6 Ke7 39. Nb7 fxe4+ 40. Kxe4 Nc4 41. Nc5 Kd6 42. Nb7+ Ke7 43. Nc5 Kd6 44. Nb7+ Kc7 45. Nc5 Kd6 1/2-1/2

[Event "RUS-ch Rapid Men 2018"]
[Site "Sochi"]
[Date "2018.10.06"]
[Round "6"]
[White "Bocharov, Dmitry"]
[Black "Sakaev, Konstantin"]
[Result "0-1"]
[ECO "A13"]
[WhiteElo "2557"]
[BlackElo "2584"]
[Annotator "RC"]
[PlyCount "136"]
[EventDate "2018.10.05"]
[EventType "swiss"]
[EventCountry "RUS"]
[SourceTitle "playchess.com"]
[Source "ChessBase"]
[SourceQuality "1"]
[TimeControl "900+10"]

1. c4 e6 2. Nf3 d5 3. e3 Nf6 4. Nc3 c5 5. b3 d4 6. Na4 Nc6 7. Ba3 b6 8. exd4 Nxd4 9. Nxd4 Qxd4 10. Be2 Bb7 11. O-O Rd8 12. Bf3 Bxf3 13. Qxf3 Be7 14. Rad1 O-O 15. d3 Rd7 16. h3 Rfd8 17. Rfe1 Qh4 18. Nc3 Qh5 19. Re3 Qxf3 20. Rxf3 Bd6 21. Kf1 Be5 22. Ne2 Bb8 23. Nc3 Be5 24. Ne2 Ne8 25. Re3 Bf6 26. g4 Nd6 27. Rb1 Nb7 28. Rd1 Na5 29. Ke1 Nc6 30. Kd2 a5 31. Kc2 g5 32. Kb1 h6 33. Bb2 Bxb2 34. Kxb2 Nb4 35. Nc1 Kg7 36. a3 Nc6 37. Ne2 Nd4 38. Nxd4 Rxd4 39. Kc3 h5 40. f3 Kf6 41. Rb1 Ra8 42. Rb2 h4 43. Rf2 Rb8 44. Re4 Rbd8 45. Re3 Ke7 46. Rb2 Ra8 47. Re4 Rad8 48. Re3 Rf4 49. Ra2 Rb8 50. b4 axb4+ 51. axb4 cxb4+ 52. Kxb4 b5 53. Kc3 bxc4 54. dxc4 Rb1 55. Rc2 Rf1 56. c5 R1xf3 57. Kd3 Rxe3+ 58. Kxe3 Kd7 59. c6+ Kc7 60. Rc5 f6 61. Rc1 e5 62. Rc3 Rd4 63. Ra3 Rc4 64. Ra7+ Kd6 65. Kd3 Rxc6 66. Ra8 Kd5 67. Rf8 Ra6 68. Rd8+ Ke6 {[%emt 0:00:05] Kd4} 0-1

[Event "RUS-ch Rapid Men 2018"]
[Site "Sochi"]
[Date "2018.10.06"]
[Round "6"]
[White "Potapov, Pavel"]
[Black "Timofeev, Artyom"]
[Result "1/2-1/2"]
[ECO "A06"]
[WhiteElo "2515"]
[BlackElo "2580"]
[Annotator "ChessBase"]
[PlyCount "97"]
[EventDate "2018.10.05"]
[EventType "swiss"]
[EventCountry "RUS"]
[SourceTitle "playchess.com"]
[Source "ChessBase"]
[SourceQuality "1"]
[TimeControl "900+10"]

1. Nf3 d5 2. g3 g6 3. Bg2 Bg7 4. O-O e5 5. d3 Ne7 6. e4 O-O 7. Nbd2 Nbc6 8. Re1 d4 9. Nf1 a5 10. a4 Nb4 11. Bd2 Nec6 12. h3 Bd7 13. g4 Qe7 14. Re2 Nd8 15. Be1 Ne6 16. c3 Nc6 17. Rc2 Rac8 18. Ng3 Nf4 19. cxd4 exd4 20. Bf1 h5 21. gxh5 Nxh3+ 22. Bxh3 Bxh3 23. Nh2 Nb4 24. Bxb4 axb4 25. f4 c5 26. Qf3 b3 27. Rf2 c4 28. dxc4 Rxc4 29. hxg6 fxg6 30. Qxb3 Qb4 31. Qd3 Rc6 32. Nh5 gxh5 33. Qxh3 d3 34. Qg2 Kh8 35. Kh1 Re6 36. Rg1 Qxe4 37. Nf3 Re7 38. Nh4 Rf6 39. Rf3 Rd7 40. Kh2 d2 41. Rd1 Rfd6 42. Rf2 Qxg2+ 43. Rxg2 Kh7 44. Nf5 Rf6 45. Nxg7 Rxg7 46. Rxg7+ Kxg7 47. Rxd2 Rxf4 48. Rd7+ Kg6 49. Rxb7 1/2-1/2

[Event "RUS-ch Rapid Men 2018"]
[Site "Sochi"]
[Date "2018.10.06"]
[Round "6"]
[White "Drygalov, Sergey"]
[Black "Stambulian, Arsen"]
[Result "1-0"]
[ECO "D74"]
[WhiteElo "2446"]
[BlackElo "2339"]
[Annotator "NA"]
[PlyCount "107"]
[EventDate "2018.10.05"]
[EventType "swiss"]
[EventCountry "RUS"]
[SourceTitle "playchess.com"]
[Source "ChessBase"]
[SourceQuality "1"]
[TimeControl "900+10"]

1. d4 Nf6 2. Nf3 g6 3. c4 Bg7 4. g3 O-O 5. Bg2 d5 6. cxd5 Nxd5 7. O-O Nc6 8. Nc3 Nb6 9. e3 e5 10. d5 Na5 11. e4 c6 12. Bg5 Qd6 13. Rc1 f6 14. Be3 Nac4 15. Bxb6 Nxb6 16. dxc6 Qxd1 17. Rfxd1 bxc6 18. b3 Rf7 19. Rd8+ Rf8 20. Rd6 Bb7 21. Rcd1 Rf7 22. Bh3 Bf8 23. R6d2 Bc8 24. Bxc8 Rxc8 25. Rc2 Rcc7 26. Kf1 Rfd7 27. Rxd7 Rxd7 28. Ke2 Kf7 29. Nd1 Rd6 30. Ne3 h5 31. Nd2 Ke6 32. Ndc4 Nxc4 33. Nxc4 Rd4 34. f3 f5 35. Ne3 c5 36. Rc4 fxe4 37. fxe4 Bh6 38. Rxd4 cxd4 39. Nc4 Bf8 40. a3 g5 41. h3 Bd6 42. g4 hxg4 43. hxg4 Bc7 44. b4 Kd7 45. Nd2 a5 46. bxa5 Bxa5 47. Nf3 Ke6 48. Nxg5+ Kf6 49. Nf3 Ke6 50. Kd3 Kd6 51. Kc4 Ke6 52. a4 Kd6 53. g5 Ke6 54. Kb5 1-0